 Dungeon Crawl Stone Soup version 0.31-a0-237-g2d982f9f85 (webtiles) character file.

Game seed: 13743828740548444368

14 qw the Shooter (level 2, 0/24 HPs)
             Began as a Minotaur Hexslinger on July 11, 2023.
             Slain by Sigmund
             ... wielding a +0 scythe
              (6 damage)
             ... on level 2 of the Dungeon.
             The game lasted 00:00:15 (790 turns).

qw the Shooter (Minotaur Hexslinger)                 Turns: 790, Time: 00:00:16

Health: 0/24       AC:  2    Str: 12    XL:     2   Next: 31%
Magic:  2/2        EV: 12    Int: 10    God:
Gold:   48         SH:  0    Dex: 12    Spells: 2/3 levels left

rFire   . . .        Y - +1 sling
rCold   . . .        (no shield)
rNeg    . . .        c - +0 robe
rPois   .            (helmet restricted)
rElec   .            (no cloak)
rCorr   .            (no gloves)
SInv    .            (no boots)
Will    .....        (no amulet)
Stlth   +            (no ring)
HPRegen 0.24/turn    (no ring)
MPRegen 0.08/turn

%: no passive effects
@: no status effects
A: horns 2, retaliatory headbutt
a: no special abilities


You were on level 2 of the Dungeon.
You visited 1 branch of the dungeon, and saw 2 of its levels.

You collected 48 gold pieces.


Innate Abilities, Weirdness & Mutations

You have a pair of horns on your head.
You reflexively headbutt those who attack you in melee.


   Skills:
 + Level 1.9 Fighting
 - Level 3.0 Ranged Weapons
 - Level 2.1 Dodging
 - Level 1.0 Spellcasting
 - Level 2.0 Hexes


You had 2 spell levels left.
You knew the following spells:

 Your Spells              Type           Power      Damage    Failure   Level
a - Slow                  Hex            16%        N/A       16%         1

Your spell library contained the following spells:

 Spells                   Type           Power      Damage    Failure   Level
 Inner Flame              Hex/Fire       2%         N/A       56%         3
 Portal Projectile        Hex/Tloc       4%         N/A       56%         3
 Cause Fear               Hex            2%         N/A       83%         4

Inventory:

Hand Weapons
 Y - a +1 sling (weapon)
Armour
 c - a +0 robe (worn)

Dungeon Overview and Level Annotations

Branches:
Dungeon (2/15)

Altars:

Annotations:
D:2 Sigmund


Message History

You shoot a sling bullet.
The sling bullet hits Sigmund but does no damage.
Sigmund gestures at you while chanting.
You are confused.
Sigmund gestures wildly while chanting.
Sigmund flickers and vanishes!
Deactivating autopickup; reactivate with Ctrl-A.
772 ||| STAIRDANCE You climb upwards.
Reactivating autopickup.
There is a stone staircase leading down here.
You feel less confused.
Done exploring.
(D) Dungeon
Where to? (* - list waypoints, Enter - D:2, ? - help)
What level of the Dungeon? (default 1, ? - help)
You climb downwards.
Level annotation: Sigmund
There is a stone staircase leading up, spattered with blood here.
There is a strange disturbance nearby!
783 ||| Stepping randomly (disturbance).
784 ||| Stepping randomly (disturbance).
785 ||| Stepping randomly (disturbance).
Something hits you!
Deactivating autopickup; reactivate with Ctrl-A.
Autopickup is now on.
You start resting.
Something hits you.
Deactivating autopickup; reactivate with Ctrl-A.
Autopickup is now on.
You start resting.
There is a strange disturbance nearby!
788 ||| Stepping randomly (disturbance).
Something hits you.
Deactivating autopickup; reactivate with Ctrl-A.
You shoot a sling bullet. Something hits you!
You shoot a sling bullet. Something hits you.
You die...

#### #
#..###.##
#@......#
#.{<....#
#......##
#...........#
####........#
#........#
#........#
######...#
...#


There were no monsters in sight!

Vanquished Creatures
  2 bats (D:1)
  An endoplasm (D:1)
  A hobgoblin (D:1)
  2 quokkas (D:1)
  2 ball pythons (D:1)
  A kobold (D:1)
  5 rats (D:1)
14 creatures vanquished.

Notes
Turn   | Place    | Note
-------+----------+-------------------------------------------
     0 | D:1      | qw the Minotaur Hexslinger began the quest for the Orb.
     0 | D:1      | Reached XP level 1. HP: 16/16 MP: 1/1
     0 | D:1      | 0 ||| qw: Version: 0.3-a-52-g30416fa
     0 | D:1      | 0 ||| qw: Game counter: 5747
     0 | D:1      | 0 ||| qw: Melee chars always use a shield: true
     0 | D:1      | 0 ||| qw: God list: Okawaru
     0 | D:1      | 0 ||| qw: Allow faded altars: false
     0 | D:1      | 0 ||| qw: Do Orc after clearing Dungeon:15 true
     0 | D:1      | 0 ||| qw: Do second Lair branch before Depths: true
     0 | D:1      | 0 ||| qw: Lair rune preference: random
     0 | D:1      | 0 ||| qw: Goals: Normal
     0 | D:1      | 0 ||| PLANNING D:1-11
   418 | D:1      | Reached skill level 3 in Ranged Weapons
   419 | D:1      | Reached XP level 2. HP: 23/23 MP: 2/2
   662 | D:1      | 662 ||| DROPPING ring of flight.
   663 | D:1      | 663 ||| READING 2 scrolls labelled NYENNU TOHI.
   664 | D:1      | 664 ||| READING scroll labelled XUGEUNU BOSS.
   665 | D:1      | 665 ||| READING scroll labelled MAAMUU OSMUC.
   668 | D:1      | 668 ||| READING scroll labelled DAYNITHACIK.
   669 | D:1      | 669 ||| DROPPING scroll of amnesia.
   670 | D:1      | 670 ||| DROPPING scroll of poison.
   707 | D:2      | Noticed Sigmund
   711 | D:2      | 711 ||| STAIRDANCE
   763 | D:2      | 763 ||| STAIRDANCE
   772 | D:2      | 772 ||| STAIRDANCE
   783 | D:2      | 783 ||| Stepping randomly (disturbance).
   784 | D:2      | 784 ||| Stepping randomly (disturbance).
   785 | D:2      | 785 ||| Stepping randomly (disturbance).
   788 | D:2      | 788 ||| Stepping randomly (disturbance).
   789 | D:2      | HP: 5/24 [something (7)]
   790 | D:2      | Slain by Sigmund

Levels and vault maps discovered:
D:1:      dpeg_arrival_rhombi, layout_basic, minmay_split_cup_small
D:2:      layout_basic, chequers_ecumenical_altar_twisty, uniq_sigmund,
          uniq_terence, uniq_jessica

Skill      XL: |  1 |
---------------+----+-----
Ranged Weapons | 3 |  3.0
Fighting       | |  1.9
Dodging        | |  2.1
Spellcasting   | |  1.0
Hexes          | |  2.0

Action                     || total
---------------------------++-------
   Fire: Sling             ||    35
    Use: Scroll            ||     4
 Armour: Robe              ||     2
  Dodge: Dodged            ||    12

Table legend:
 A = Non-vault XP
 B = Vault XP
 C = Vault XP percentage of total XP
 D = Non-vault monster count
 E = Vault monster count
 F = Vault count percentage of total count
                 A         B        C        D         E       F
            +---------+---------+-------+---------+---------+-------
      Total |      15 |       6 |  28.6 |      11 |       3 |  21.4
            +---------+---------+-------+---------+---------+-------
        D:1 |      15 |       6 |  28.6 |      11 |       3 |  21.4
            +---------+---------+-------+---------+---------+-------
